AoeStats
← Der Sprudel

Arabian Desert

510374377Analyzed
1v1 RM · 22h ago on Sep 30, 2026· 15m 43s· 2 players
Game mode
Random Map
Map size
Tiny (2 player)
Population
200
Speed
Normal
Resources
Standard
Victory
Conquest
Starting age
Dark Age
Ending age
Imperial Age
RankedLock teamsTeams togetherTeam positionsShared explorationLock speedFull tech treeHidden civsTurbo modeCheats
Victory
Defeat
🇩🇪 Varangians · Germany
1314
+16
🇬🇷 Bulgarians · Greece
1307
-16
Hamurabi
7:02 Loom
9:37 Feudal Age
10:47 Double-Bit Axe
15:04 Scale Barding Armor
Der Sprudel
7:09 Loom
9:30 Feudal Age
10:19 Double-Bit Axe
12:18 Horse Collar
14:52 Fletching
Connection lost

Rejoining the realm…

Still unreachable

The connection could not be restored.

Session expired

The server has moved on; the page needs a fresh start.